 Dungeon Crawl Stone Soup version 0.30-a0-187-gd9c2deaf24 (webtiles) character file.

Game seed: 14333605817633735778

1927 lunkers the Cleaver (level 9, -12/63 HPs)
             Began as a Meteoran Fighter on Oct 4, 2022.
             Was a Believer of Hepliaklqana.
             Mangled by a wight
             ... wielding a +4 scimitar of freezing
              (16 damage)
             ... on level 8 of the Dungeon.
             The game lasted 00:06:26 (2033 turns).

lunkers the Cleaver (Meteoran Fighter)              Turns: 2033, Time: 00:06:27

Health: -12/63     AC:  9    Str: 22    XL:     9   Next: 67%
Magic:  10/10      EV: 10    Int:  9    God:    Hepliaklqana [**....]
Gold:   217        SH:  6    Dex: 21    Spells: 8/8 levels left

rFire   . . .      SeeInvis .    z - +1 flail (protect)
rCold   . . .      Faith    .    c - +0 buckler
rNeg    . . .      Spirit   .    B - +0 acid dragon scales
rPois   .          Reflect  .    l - +1 hat
rElec   .          Harm     .    (no cloak)
rCorr   +          Rampage  .    o - +0 pair of gloves
Will    +....                    (no boots)
Stlth   +.........               (no amulet)
HPRegen 0.30/turn                p - +6 ring of dexterity
MPRegen 0.12/turn                q - ring of resist corrosion

@: glowing
A: reduced essence, sense surroundings 2, otherworldly, glowing, explore regen
a: Renounce Religion, Recall Ancestor, Ancestor Identity


You were on level 8 of the Dungeon.
You worshipped Hepliaklqana.
Hepliaklqana was pleased with you.
You visited 1 branch of the dungeon, and saw 8 of its levels.

You collected 237 gold pieces.
You spent 20 gold pieces at shops.

Inventory:

Hand Weapons
 a - a +0 war axe
 n - a +1 whip of freezing
 s - a +0 war axe
 v - a +0 dire flail
 z - a +1 flail of protection (weapon)
Missiles
 e - 10 stones (quivered)
 h - 11 poisoned darts
Armour
 b - a +0 scale mail
 c - a +0 buckler (worn)
 l - a +1 hat (worn)
 o - a +0 pair of gloves (worn)
 w - a +0 plate armour
 B - +0 acid dragon scales (worn)
Jewellery
 p - a +6 ring of dexterity (left hand)
 q - a ring of resist corrosion (right hand)
 x - an amulet of magic regeneration
 C - a ring of flight
Scrolls
 g - 3 scrolls of butterflies {unknown}
 j - 2 scrolls of teleportation {unknown}
 t - a scroll of fear {unknown}
 y - a scroll of identify
 A - a scroll of enchant armour {unknown}
Potions
 d - 2 potions of might
 f - 5 potions of flight
 i - a potion of invisibility {unknown}
 k - a potion of ambrosia {unknown}
 m - 3 potions of curing {unknown}
 r - a potion of haste {unknown}
 u - a potion of heal wounds {unknown}


   Skills:
 - Level 3.2 Fighting
 * Level 13.9 Axes
 - Level 3.6 Armour
 - Level 3.6 Shields


You had 8 spell levels left.
You didn't know any spells.
Your spell library contained the following spells:

 Spells                   Type           Power      Damage    Failure   Level
 Sublimation of Blood     Necr           0%         N/A       71%         2
 Wereblood                Tmut           0%         N/A       71%         2
 Summon Hydra             Summ           0%         N/A       100%        7


Dungeon Overview and Level Annotations

Branches:
Dungeon (8/15) Zot: 2710
 Temple: D:4-7         Lair: D:8-11

Altars:
Hepliaklqana
Uskayaw
Vehumet
Xom

Shops:
D:1 ?   D:2 *


Innate Abilities, Weirdness & Mutations

Your life essence is reduced to manifest your ancestor. (-10% HP)
You passively map the area around you.
You are easily found by Zot.
You glow in the dark.
You regain HP and MP as you explore.


Message History

* * * LOW HITPOINT WARNING * * *
The wight freezes you.
* * * LOW HITPOINT WARNING * * *
Unknown command.
You hit the wight but do no damage.
The wight is lightly damaged. Æthelred hits the orc wizard with a +0 dagger of draining.
The orc wizard dies!
The orc hits you but does no damage.
A wight comes into view. It is wielding a +0 halberd.
You block the wight's attack. Æthelred points at the wight and mumbles some strange words.
The wight resists with some effort.
Your life force feels restored.
Unknown command.
The wight reads a scroll.
Wisps of shadow swirl around the wight.
You block the wight's attack. Æthelred points at the wight and mumbles some strange words.
The wight resists with some effort.
The wight attacks as you move away!
The wight hits you with a +4 scimitar of freezing!
* * * LOW HITPOINT WARNING * * *
The wight freezes you.
* * * LOW HITPOINT WARNING * * *
The kobold shouts!
The wight attacks as you move away!
The wight hits you with a +4 scimitar of freezing!
* * * LOW HITPOINT WARNING * * *
The wight freezes you.
* * * LOW HITPOINT WARNING * * *
Æthelred hits the wight with a +0 dagger of draining!
Okay, then.
Okay, then.
The wight attacks as you move away!
You block the wight's attack. Æthelred barely misses the wight. Æthelred points at the wight and mumbles some strange words.
The wight seems to slow down.
The wight attacks as you move away!
The wight hits you with a +4 scimitar of freezing!
You die...

##.#......#.#.#.####.#....,
... .......)z........, , ,
##. * , *#z.).)...######
...,, , #...z..........*
... ** ..#.#...R....#####
... ........o.....####* #..
#..###.#zz#.#....#* ** #...
,. #.#.z#.#....#*, , * ...#
* ###.@#.#....# * * ...* ,*
****#.........#####* * ...
,,##+##.##.......#* #.. *
** ,,#.....##.......# * ...
, +.....###......# * , , ,
, ,, #.....# #......#*
#..*** * ,,,#..####
########* * #.. * ,
#..R..##### #.. .###
#.........###


You could see the friendly Æthelred the hexer, 6 wights and an orc.

Vanquished Creatures
  A water moccasin (D:6)
  2 black bears
  A centaur (D:8)
  A phantom (D:4)
  Blork the orc (D:6)
  A necrophage (D:5)
  A wight (D:8)
  2 orc priests (D:6)
  A jelly (D:6)
  2 iguanas
  3 orc wizards
  3 adders
  3 gnolls (D:4)
  A shadow imp (D:6)
  A worm (D:3)
  6 orcs
  A ball python (D:1)
  4 endoplasms
  A giant cockroach (D:1)
  3 goblins
  4 hobgoblins
  11 jackals
  7 bats
  6 frilled lizards
  7 kobolds
  6 rats
80 creatures vanquished.

Vanquished Creatures (collateral kills)
  An acid dragon (D:8)
  A water moccasin (D:7)
  2 orc warriors
  An ice beast (D:6)
  An ogre (D:6)
  A necrophage (D:6)
  2 bullfrogs (D:8)
  2 hounds
  An orc priest (D:6)
  4 orc wizards
  2 adders
  A shadow imp (D:6)
  2 orcs (D:6)
  An endoplasm (D:3)
  2 goblins
  A rat (D:2)
25 creatures vanquished.

Vanquished Creatures (others)
  A hexer (D:6)
  An ancestor (D:4)
  7 plants
  12 withered plants (D:2)
21 creatures vanquished.

Grand Total: 126 creatures vanquished

Notes
Turn   | Place    | Note
-------+----------+-------------------------------------------
     0 | D:1      | lunkers the Meteoran Fighter began the quest for the Orb.
     0 | D:1      | Reached XP level 1. HP: 19/19 MP: 2/2
    80 | D:1      | Reached skill level 3 in Axes
    80 | D:1      | Reached XP level 2. HP: 20/26 MP: 3/3
   207 | D:1      | Reached XP level 3. HP: 30/31 MP: 4/4
   210 | D:1      | Reached skill level 4 in Axes
   586 | D:1      | Found Rirphef's Magic Scroll Boutique.
   590 | D:1      | Bought a scroll of identify for 20 gold pieces
   612 | D:2      | Reached XP level 4. HP: 38/38 MP: 5/5
   617 | D:2      | Found a faded altar of an unknown god.
   645 | D:2      | Prayed at the altar of an unknown god.
   645 | D:2      | Became a worshipper of Hepliaklqana the Forgotten
   645 | D:2      | Reached * piety under Hepliaklqana
   666 | D:2      | Found Zealoumn's Assorted Antiques.
   831 | D:3      | Reached skill level 5 in Axes
   854 | D:3      | Noticed a +0 falchion
   854 | D:3      | Noticed a +0 short sword
   864 | D:3      | Noticed a +0 dagger
   864 | D:3      | Noticed a +0 short sword
   865 | D:3      | Noticed a +0 spear
   865 | D:3      | Noticed a +0 falchion
   866 | D:3      | Noticed a +0 spear
   866 | D:3      | Noticed a +0 dagger
   880 | D:3      | Found a hide-covered altar of Uskayaw.
  1056 | D:4      | Reached XP level 5. HP: 36/40 MP: 6/6
  1143 | D:4      | Noticed a phantom
  1148 | D:4      | Noticed a black bear
  1152 | D:4      | Reached skill level 6 in Axes
  1154 | D:4      | Killed a phantom
  1155 | D:4      | Reached XP level 6. HP: 40/45 MP: 7/7
  1161 | D:4      | Reached skill level 7 in Axes
  1167 | D:4      | Killed a black bear
  1178 | D:4      | Reached XP level 7. HP: 36/51 MP: 8/8
  1226 | D:5      | Entered Level 5 of the Dungeon
  1230 | D:6      | Noticed Blork the orc
  1242 | D:6      | Killed Blork the orc
  1243 | D:6      | Reached skill level 8 in Axes
  1306 | D:6      | Reached skill level 9 in Axes
  1365 | D:6      | Reached ** piety under Hepliaklqana
  1365 | D:6      | Noticed a water moccasin
  1366 | D:6      | Remembered your ancestor Æthelred as a hexer
  1407 | D:5      | Reached XP level 8. HP: 35/56 MP: 9/9
  1418 | D:5      | Reached skill level 10 in Axes
  1455 | D:6      | Reached skill level 11 in Axes
  1478 | D:6      | Gained mutation: You passively map the area around you.
                  | [Meteoran growth]
  1478 | D:6      | Reached XP level 9. HP: 38/63 MP: 10/10
  1515 | D:6      | Reached skill level 12 in Axes
  1600 | D:7      | Found a shimmering altar of Xom.
  1827 | D:8      | Found a radiant altar of Vehumet.
  1835 | D:8      | Reached skill level 13 in Axes
  2030 | D:8      | HP: 3/63 [wight/+4 scimitar of freezing (3)]
  2033 | D:8      | Mangled by a wight

Illustrated notes

Levels and vault maps discovered:
D:1:      heliophobic_arrival_glass_houses, layout_basic, serial_shops,
          nicolae_shop_hallway_stairs, minmay_misc_feat_more_columns,
          corexii_item_surrounded_by_moat, minmay_pentomino_q4
D:2:      layout_loops_cross, serial_shops, nicolae_shop_window_shopping,
          shapermc_ecumenical_altar_flowoftime, amcnicky_mini_pool_small,
          uniq_jessica
D:3:      layout_basic, nicolae_uskayaw_en_pointe, nicolae_gozag_seed_capital,
          corexii_shack, uniq_natasha
D:4:      layout_basic
D:5:      layout_loops_ring, uniq_crazy_yiuf_cottage, uniq_sigmund, uniq_ijyb
D:6:      layout_loops_ring, minmay_temple_entry_grid, minmay_fractal_squares_5,
          uniq_blork_the_orc
D:7:      layout_loops_ring, lemuel_tele_altar, grunt_decor_resistance
D:8:      layout_basic, nicolae_vehumet_radiance, serial_curves, eino_curves_02,
          eino_curves_04, lightli_orcish_oven, uniq_psyche

Skill      XL: |  1  2  3  4  5  6  7  8  9 |
---------------+----------------------------+-----
Axes           | 3 4 5 6 7 9 11 13 | 13.9
Fighting       | |  3.2
Armour         | |  3.6
Shields        | |  3.6

Action                   |  1- 3 |  4- 6 |  7- 9 || total
-------------------------+-------+-------+-------++-------
Melee: War axe           |    96 |    60 |    69 ||   225
       Flail             |       |       |    66 ||    66
Throw: Stone             |    13 |    10 |     5 ||    28
       Dart              |     7 |     3 |       ||    10
Invok: Ancestor Identity |       |     1 |       ||     1
       Ancestor Life: He |       |       |     1 ||     1
  Use: Scroll            |     1 |       |       ||     1
       Potion            |       |       |     1 ||     1
 Stab: Distracted        |       |       |     1 ||     1
       Confused          |       |       |     7 ||     7
Armor: Scale mail        |    60 |    29 |    50 ||   139
       Acid dragon scale |       |       |    40 ||    40
Dodge: Dodged            |    38 |    24 |    50 ||   112
Block: Buckler           |    26 |    11 |    41 ||    78

Table legend: (Time is in decaauts)
 A = Elapsed time spent in this place.
 B = Non-inter-level travel time spent in this place.
 C = Inter-level travel time spent in this place.
 D = Time resting spent in this place.
 E = Time spent auto-exploring this place.
 F = Levels seen in this place.
 G = Mean time per level.
                   A        B        C        D        E       F      G
               +--------+--------+--------+--------+--------+-----+--------+
         Total |   2089 |   1877 |    212 |      0 |    885 |   8 |  261.1 |
       Dungeon |   2089 |   1877 |    212 |      0 |    885 |   8 |  261.1 |
               +--------+--------+--------+--------+--------+-----+--------+

Top non-repeatable levels by time:
     D:2: 552 daAuts
     D:6: 302 daAuts
     D:1: 299 daAuts
     D:8: 239 daAuts
     D:3: 224 daAuts
     D:7: 208 daAuts
     D:4: 201 daAuts
     D:5: 62 daAuts
